 Dungeon Crawl Stone Soup version 0.18.1-48-g4cf74bf (webtiles) character file.

72391 Lamnus the Brawler (level 15, 0/126 (132) HPs)
             Began as a Ghoul Monk on Aug 20, 2016.
             Was the Champion of Yredelemnul.
             Slain by an enormous slime creature (36 damage)
             ... on level 15 of the Dungeon.
             The game lasted 02:14:08 (25788 turns).

Lamnus the Brawler (Ghoul Monk)                    Turns: 25788, Time: 02:14:08

HP:   0/126 (132)   AC: 30    Str: 23    XL:     15   Next: 39%
MP:   23/23         EV: 11    Int: 11    God:    Yredelemnul [******]
Gold: 1571          SH:  0    Dex: 12    Spells: 0 memorised, 14 levels left

rFire  . . .     SeeInvis +       - Unarmed
rCold  + . .     Gourm    .     y - +5 chain mail of Surprise {rF- rCorr Int+7 Stlth+}
rNeg   + + +     Faith    .     (no shield)
rPois  ∞         Spirit   .     M - +0 helmet
rElec  +         Dismiss  +     H - +2 cloak
rCorr  +         Reflect  .     (no gloves)
SustAt .         Harm     .     c - +2 pair of boots of the Scribe {rF+ Int-3 SInv}
MR     +....                    G - amulet "Emosel" {Dismiss rElec}
Stlth  ..........               x - +4 ring of strength
                                P - +5 ring of protection

@: rotting, somewhat resistant to hostile enchantments, extremely unstealthy
A: rotting body, claws 1, carnivore 3, cold resistance 1, negative energy
resistance 3, slow regeneration 1, torment resistance, unbreathing
a: Recall Undead Slaves, Injury Mirror, Animate Dead, Drain Life, Enslave Soul,
Renounce Religion


You were on level 15 of the Dungeon.
You worshipped Yredelemnul.
Yredelemnul was exalted by your worship.
You were near starving.

You visited 3 branches of the dungeon, and saw 24 of its levels.
You also visited: Labyrinth and Sewer.

You collected 2083 gold pieces.
You spent 512 gold pieces at shops.

Inventory:

Armour
 c - the +2 pair of boots of the Scribe (worn) {rF+ Int-3 SInv}
   (You bought it in a shop on level 10 of the Dungeon)

   It affects your intelligence (-3).
   It protects you from fire.
   It lets you see invisible.
 y - the +5 chain mail of Surprise (worn) {rF- rCorr Int+7 Stlth+}
   (You found it on level 4 of the Dungeon)

   It affects your intelligence (+7).
   It makes you vulnerable to fire.
   It protects you from acid and corrosion.
   It makes you more stealthy.
 H - a +2 cloak (worn)
 M - a +0 helmet (worn)
 R - a +3 chain mail of fire resistance
 S - a +3 plate armour of magic resistance
 T - the +1 chain mail "Tublusee" {rC+ Dex+4}
   (You found it in a labyrinth)

   It affects your dexterity (+4).
   It protects you from cold.
Jewellery
 l - an uncursed amulet of guardian spirit
 o - an uncursed ring of flight
 x - a +4 ring of strength (right claw)
 C - an uncursed ring of protection from fire
 G - the amulet "Emosel" (around neck) {Dismiss rElec}
   (You found it in a labyrinth)

   [amulet of dismissal]

   It may teleport away creatures that harm you.
   It insulates you from electricity.
 K - an uncursed ring of sustain attributes {unknown}
 O - an uncursed ring of protection from magic
 P - a +5 ring of protection (left claw)
Wands
 p - a wand of digging (10/24)
 z - a wand of iceblast (10/15)
 F - a wand of digging (8/24)
 I - a wand of slowing (26/48)
 L - a wand of teleportation (5/9)
Scrolls
 a - 3 scrolls of amnesia
 f - 8 scrolls of enchant weapon
 h - 7 scrolls of fear
 i - 6 scrolls of teleportation
 k - 3 scrolls of noise
 n - 9 scrolls of remove curse
 s - 3 scrolls of blinking
 w - 2 scrolls of silence
 B - 3 scrolls of identify
 D - a scroll of recharging
 E - 3 scrolls of fog
 Q - a scroll of immolation {unknown}
 U - a scroll of enchant armour
 Y - a scroll of magic mapping
Potions
 d - 7 potions of heal wounds
 e - 2 potions of brilliance
 j - 4 potions of agility
 q - 6 potions of flight
 r - 7 potions of curing
 u - 2 potions of haste
 v - 3 potions of might
 A - a potion of ambrosia
 J - a potion of invisibility
 N - a potion of cancellation
Books
 X - a book of Necromancy

   Spells                             Type                      Level
   a - Pain                           Necromancy                   1
   b - Animate Skeleton               Necromancy                   1
   c - Vampiric Draining              Necromancy                   3
   d - Regeneration                   Charms/Necromancy            3
   e - Animate Dead                   Necromancy                   4
   f - Control Undead                 Necromancy                   4
Comestibles
 b - 16 meat rations
 m - 4 slices of pizza
 t - 10 beef jerkies
 W - a royal jelly


   Skills:
 + Level 11.6 Fighting
 - Level 11.3 Armour
 - Level 6.1 Dodging
 - Level 2.1 Stealth
 * Level 18.5 Unarmed Combat
 - Level 12.0 Invocations


You had 14 spell levels left.
You didn't know any spells.

Dungeon Overview and Level Annotations

Branches:
Dungeon (15/15)            Temple (1/1) D:6            Lair (8/8) D:10
 Shoals (0/4) Lair:3        Snake (0/4) Lair:5        Slime (0/6) Lair:8
 Vaults (0/5) D:13         Depths (0/5) D:15
    Orc: D:9-12

Altars:
Ashenzari
Cheibriados
Dithmenos
Elyvilon
Fedhas
Gozag
Kikubaaqudgha
Makhleb
Nemelex Xobeh
Okawaru
Pakellas
Qazlal
Ru
Sif Muna
Trog
Vehumet
Xom
Yredelemnul
Zin
The Shining One

Shops:
D:5 (   D:8 :   D:10 [   D:14 *


Innate Abilities, Weirdness & Mutations

Your body is rotting away.
You thrive on raw meat.
You are immune to poison.
You have sharp fingernails.
You are carnivorous and can eat meat at any time.
Your flesh is cold resistant.
You are immune to negative energy.
You regenerate slowly when monsters are visible.
You are immune to unholy pain and torment.
You can survive without breathing.


Message History

Two slime creatures merge to form an enormous slime creature.
You scratch the enormous slime creature.
The enormous slime creature is heavily wounded.
You mangle the enormous slime creature!!
The enormous slime creature is severely wounded.
The enormous slime creature hits you!!!
You mangle the enormous slime creature!!
The enormous slime creature is almost dead.
You mangle the enormous slime creature!!
The enormous slime creature is almost dead.
Your vampire knight gestures wildly while chanting.
Your vampire knight seems to speed up.
The enormous slime creature hits you!!
* * * LOW HITPOINT WARNING * * *
You are too injured to fight recklessly!
You are too injured to fight recklessly!
You are too injured to fight recklessly!
The enormous slime creature hits you!!!
You die...
Yredelemnul claims you as an undead slave.

### #.. #.# #.# #J# #@# #D# #Z#
#z#
################z################
......D.........VV.......Z.Z.DDZV
.....D###########z..#############
.....n# #n.Z# ....z.# #...#


You could see an enormous slime creature, a friendly bone dragon, a friendly
ghoul, a friendly vampire knight, 3 friendly skeletal warriors, the friendly
Agnes the spectral spriggan and a friendly vampire.

Vanquished Creatures
  The ghost of Lamnus the Severer, a journeyman MiBe of Trog (Lair:3)
  A minotaur (Lab)
  4 hydras
  A centaur warrior (D:14)
  2 death yaks
  Sonja (D:10)
  A skeletal warrior (D:15)
  3 unseen horrors
  A lindwurm (Lair:8)
  2 hill giants
  A hornet (Lair:8)
  17 spiny frogs
  2 necromancers
  A griffon (Lair:8)
  2 wolf spiders (Lair:8)
  4 ugly things (D:14)
  A cyclops (D:14)
  An elephant (Lair:8)
  9 black mambas
  Psyche (D:9)
  2 torpor snails (Lair:8)
  A gargoyle (D:13)
  6 komodo dragons
  4 polar bears
  2 trolls
  The ghost of rlgrobin the Skirmisher, an amateur DsCK of Xom (D:5)
  3 two-headed ogres
  Grinder (D:4)
  A giant leech (Lair:8)
  12 blink frogs
  5 slime creatures
  The ghost of PossumBlood the Magician, an amateur DECj (D:3)
  2 water elementals (D:14)
  2 wraiths
  22 yaks
  4 basilisks
  5 wyverns
  5 hippogriffs
  A steam dragon (Lair:4)
  A vampire mosquito (D:14)
  Menkaure (D:5)
  A hungry ghost (D:13)
  A mottled dragon (D:10)
  10 crocodiles
  18 water moccasins
  7 porcupines
  4 ice beasts
  3 sky beasts
  4 phantoms
  3 black bears
  6 wasps
  2 orc warriors
  5 wolves (Lair:4)
  4 ogres
  7 centaurs
  2 big kobolds
  11 giant frogs
  A gnoll sergeant (D:9)
  2 scorpions
  A water moccasin skeleton (D:9)
  8 wights
  4 killer bees (D:11)
  3 howler monkeys
  2 electric eels
  2 crimson imps
  5 jellies
  2 centaur zombies
  7 hounds
  3 orc priests
  2 giant frog zombies
  3 centaur skeletons
  A giant frog skeleton (D:7)
  6 orc wizards
  Terence (D:3)
  17 iguanas
  15 worker ants
  14 sheep
  A giant frog simulacrum (D:12)
  A hound skeleton (D:5)
  A worker ant zombie (D:8)
  11 gnolls
  20 adders
  37 river rats
  A shadow imp (D:8)
  3 white imps
  2 ufetubi (D:12)
  2 oozes
  3 adder zombies
  An adder skeleton (D:7)
  10 worms (Lair:8)
  A dart slug (D:1)
  11 giant geckos
  35 orcs
  A ball python (D:2)
  6 giant cockroaches
  7 hobgoblins
  17 jackals
  15 kobolds
  6 quokkas
  7 bats
  5 giant newts
  7 goblins
  2 quokka skeletons
  A quokka zombie (D:6)
  7 rats
  A fungus (Lair:8)
  A plant (D:10)
548 creatures vanquished.

Vanquished Creatures (collateral kills)
  A fire dragon (Lair:8)
  Harold (D:12)
  7 hydras
  An ogre mage (D:15)
  2 centaur warriors (D:13)
  A vampire mage (D:15)
  5 death yaks (Lair:7)
  Urug (D:12)
  A fire crab (D:15)
  A skeletal warrior (D:15)
  2 hill giants
  A golden dragon skeleton (D:15)
  A lindwurm (Lair:8)
  2 wolf spider zombies
  A cyclops (D:14)
  3 ugly things
  A griffon (Lair:3)
  A manticore (D:15)
  2 elephants (Lair:8)
  4 black mambas
  A guardian serpent (Lair:8)
  3 torpor snails (Lair:8)
  A yaktaur zombie (D:15)
  2 gargoyles
  13 spiny frogs
  4 komodo dragons
  A troll (D:13)
  A harpy skeleton (D:14)
  3 two-headed ogres
  3 giant leeches (Lair:8)
  7 slime creatures
  8 blink frogs
  2 fire dragon zombies (D:15)
  A hornet zombie (D:14)
  A shadow (D:14)
  A wraith (D:12)
  2 water elementals
  5 wyverns (Lair:8)
  13 yaks
  2 hungry ghosts
  2 hippogriffs
  A vampire mosquito (D:14)
  A mottled dragon (D:14)
  A soldier ant (D:13)
  9 water moccasins
  A porcupine (Lair:3)
  An orc warrior (D:11)
  An ice beast (D:12)
  3 wasps
  2 eyes of draining (D:15)
  6 ogres
  3 wolves
  2 centaurs
  A crocodile (Lair:8)
  4 giant frogs
  6 wights
  5 electric eels
  A jelly (D:15)
  3 iguanas
  3 orc wizards
  5 worker ants
  16 sheep
  2 centaur simulacra
  A gnoll (D:6)
  9 adders
  24 river rats
  13 white imps
  2 oozes (Lair:8)
  8 worms (Lair:8)
  7 orcs
  3 ball pythons (Lair:5)
  A quokka (D:11)
  A giant gecko skeleton (D:7)
  A bush (Lair:5)
  A butterfly (Lair:5)
  38 fungi
  45 plants
  7 withered plants (D:15)
353 creatures vanquished.

Vanquished Creatures (others)
  A phantasmal warrior (Lair:8)
  A spiny frog (Lair:8)
  12 flying skulls
  Eustachio (D:4)
  A water moccasin (Lair:8)
  2 blink frog zombies
  A water moccasin zombie (Lair:1)
  2 wyvern zombies
  5 wights
  A wolf zombie (Lair:4)
  2 centaur zombies
  2 giant frog zombies
  A big kobold zombie (D:8)
  An ogre zombie (D:8)
  A dwarf skeleton (D:8)
  An adder zombie (Lair:8)
  An electric eel zombie (D:12)
  2 iguana zombies
  A gnoll zombie (D:8)
  10 river rat zombies
  2 kobold zombies (D:8)
  6 orc zombies
  A quokka zombie (D:6)
  3 bushes (Lair:5)
  25 fungi
  48 plants
134 creatures vanquished.

Grand Total: 1035 creatures vanquished

Notes
Turn   | Place    | Note
--------------------------------------------------------------
     0 | D:1      | Lamnus the Ghoul Monk began the quest for the Orb.
     0 | D:1      | Reached XP level 1. HP: 19/19 MP: 0/0
    95 | D:1      | Reached XP level 2. HP: 19/26 MP: 1/1
   518 | D:1      | Reached skill level 5 in Unarmed Combat
   774 | D:2      | Reached XP level 3. HP: 31/31 MP: 2/2
  1171 | D:2      | Reached skill level 6 in Unarmed Combat
  1171 | D:2      | Reached XP level 4. HP: 35/38 MP: 3/3
  1666 | D:3      | Noticed Terence
  1672 | D:3      | Killed Terence
  1685 | D:3      | Reached XP level 5. HP: 11/45 MP: 4/4
  1865 | D:3      | Reached skill level 7 in Unarmed Combat
  1994 | D:3      | Noticed PossumBlood's ghost (amateur DECj)
  2089 | D:3      | Found a glowing drain.
  2096 | Sewer    | Entered a sewer
  2155 | Sewer    | Noticed a big kobold
  2177 | Sewer    | Killed a big kobold
  2177 | Sewer    | Reached XP level 6. HP: 34/55 MP: 5/5
  2315 | Sewer    | Found a glowing silver altar of Zin.
  2425 | D:3      | Found a stormy altar of Qazlal.
  2508 | D:3      | Reached skill level 5 in Fighting
  2998 | D:3      | Killed PossumBlood's ghost
  2998 | D:3      | Reached XP level 7. HP: 40/61 MP: 6/6
  3052 | D:4      | Noticed Eustachio
  3074 | D:4      | Killed Eustachio
  3837 | D:4      | Noticed Grinder
  4062 | D:4      | Got a translucent chain mail
  4073 | D:4      | Identified the +5 chain mail of Surprise {rF- rCorr Int+7 Stlth+} (You found it on level 4 of the Dungeon)
  4094 | D:4      | Reached skill level 5 in Armour
  4287 | D:4      | Killed Grinder
  4287 | D:4      | Reached skill level 8 in Unarmed Combat
  4287 | D:4      | Reached XP level 8. HP: 66/68 MP: 7/7
  4761 | D:5      | Entered Level 5 of the Dungeon
  4943 | D:5      | Noticed rlgrobin's ghost (amateur DsCK)
  4947 | D:5      | Found an oddly glowing altar of Pakellas.
  4947 | D:5      | Found a white marble altar of Elyvilon.
  4968 | D:5      | Killed rlgrobin's ghost
  4968 | D:5      | Reached skill level 9 in Unarmed Combat
  5099 | D:5      | Found a stormy altar of Qazlal.
  5103 | D:5      | Found a sacrificial altar of Ru.
  5104 | D:5      | Found an ancient bone altar of Kikubaaqudgha.
  5842 | D:5      | Reached skill level 10 in Unarmed Combat
  5879 | D:5      | Found Bimenuann's Weapon Shop.
  5950 | D:5      | Noticed Menkaure
  5958 | D:5      | Killed Menkaure
  5995 | D:5      | Reached XP level 9. HP: 67/74 MP: 8/8
  6260 | D:5      | Reached skill level 11 in Unarmed Combat
  6341 | D:6      | Found a staircase to the Ecumenical Temple.
  6345 | Temple   | Entered the Ecumenical Temple
  6516 | Temple   | Became a worshipper of Yredelemnul the Dark
  6516 | Temple   | Reached * piety under Yredelemnul
  6516 | Temple   | Reached ** piety under Yredelemnul
  6748 | D:6      | Reached skill level 12 in Unarmed Combat
  6992 | D:6      | Found a shimmering altar of Xom.
  7674 | D:7      | Found a bloodstained altar of Trog.
  7987 | D:7      | Reached *** piety under Yredelemnul
  8028 | D:8      | Reached XP level 10. HP: 77/89 MP: 9/9
  8113 | D:8      | Received a gift from Yredelemnul
  8266 | D:8      | Reached skill level 1 in Invocations
  8473 | D:8      | Found a sparkling altar of Nemelex Xobeh.
  8626 | D:8      | Found Gicseuts's Book Boutique.
  8799 | D:9      | Received a gift from Yredelemnul
  9024 | D:9      | Found a burning altar of Makhleb.
  9384 | D:9      | Reached skill level 5 in Invocations
  9640 | D:9      | Noticed Psyche
  9658 | D:9      | Killed Psyche
  9878 | D:10     | Entered Level 10 of the Dungeon
 10163 | D:10     | Noticed Sonja
 10169 | D:10     | Killed Sonja
 10187 | D:10     | Reached **** piety under Yredelemnul
 10420 | D:10     | Reached XP level 11. HP: 97/97 MP: 13/13
 10500 | D:10     | Found a staircase to the Lair.
 10523 | D:10     | Found Zeggoq's Antique Armour Shop.
 10526 | D:10     | Bought a pair of brightly glowing boots for 266 gold pieces
 10536 | D:10     | Identified the +2 pair of boots of the Scribe {rF+ Int-3 SInv} (You bought it in a shop on level 10 of the Dungeon)
 10604 | Lair:1   | Entered Level 1 of the Lair of Beasts
 10640 | Lair:1   | Reached skill level 5 in Dodging
 10654 | Lair:1   | Received a gift from Yredelemnul
 10750 | Lair:1   | Found a labyrinth entrance.
 10761 | Lab      | Entered a labyrinth
 12211 | Lab      | Noticed a minotaur
 12224 | Lab      | Killed a minotaur
 12230 | Lab      | Got a translucent bronze amulet
 12231 | Lab      | Got a warped chain mail
 12266 | Lair:1   | Noticed a spiny frog
 12273 | Lair:1   | Killed a spiny frog
 12319 | Lair:1   | Identified the cursed +1 chain mail "Tublusee" {rC+ Dex+4} (You found it in a labyrinth)
 12334 | Lair:1   | Identified the amulet "Emosel" {Dismiss rElec} (You found it in a labyrinth)
 12571 | Lair:1   | Noticed a four-headed hydra
 12590 | Lair:1   | Killed a four-headed hydra
 12638 | Lair:1   | Reached skill level 13 in Unarmed Combat
 12812 | Lair:1   | Noticed a six-headed hydra
 12822 | Lair:1   | Killed a six-headed hydra
 13009 | Lair:1   | Received a gift from Yredelemnul
 13131 | Lair:2   | Reached skill level 14 in Unarmed Combat
 13575 | Lair:2   | Reached XP level 12. HP: 104/104 MP: 14/14
 14239 | Lair:3   | Found a white marble altar of Elyvilon.
 14239 | Lair:3   | Noticed Lamnus's ghost (journeyman MiBe)
 14261 | Lair:2   | Reached skill level 15 in Unarmed Combat
 14579 | Lair:3   | Found a staircase to the Shoals.
 14617 | Lair:3   | Received a gift from Yredelemnul
 14877 | Lair:3   | Killed Lamnus's ghost
 15156 | Lair:3   | Noticed a seven-headed hydra
 15163 | Lair:3   | Killed a seven-headed hydra
 15729 | Lair:4   | Reached ***** piety under Yredelemnul
 15901 | Lair:4   | Received a gift from Yredelemnul
 16187 | Lair:5   | Reached skill level 10 in Invocations
 16218 | Lair:5   | Noticed a six-headed hydra
 16227 | Lair:5   | Noticed a five-headed hydra
 16236 | Lair:5   | Killed a five-headed hydra
 16246 | Lair:5   | Found a staircase to the Snake Pit.
 16291 | Lair:5   | Reached XP level 13. HP: 67/111 MP: 20/20
 16962 | Lair:5   | Received a gift from Yredelemnul
 17667 | Lair:6   | Received a gift from Yredelemnul
 17695 | Lair:6   | Identified a +3 rod of ignition (13/13) (You found it in a labyrinth)
 18059 | Lair:6   | Received a gift from Yredelemnul
 18971 | Lair:7   | Reached skill level 10 in Armour
 19088 | Lair:7   | Received a gift from Yredelemnul
 19742 | Lair:8   | Entered Level 8 of the Lair of Beasts
 19813 | Lair:8   | Received a gift from Yredelemnul
 19838 | Lair:8   | Received a gift from Yredelemnul
 20097 | Lair:8   | Reached ****** piety under Yredelemnul
 20213 | Lair:8   | Reached XP level 14. HP: 117/117 MP: 22/22
 20245 | Lair:8   | Received a gift from Yredelemnul
 20564 | Lair:8   | Found a runed door.
 20690 | Lair:8   | Received a gift from Yredelemnul
 20750 | Lair:8   | Received a gift from Yredelemnul
 21009 | Lair:8   | Found a staircase to the Slime Pits.
 21018 | Lair:8   | Reached skill level 16 in Unarmed Combat
 21270 | Lair:8   | Reached skill level 10 in Fighting
 21738 | Lair:3   | Received a gift from Yredelemnul
 22450 | D:11     | You fall through a shaft for 2 floors!
 22653 | D:12     | Noticed Snorg
 22658 | D:12     | Killed Snorg
 22658 | D:12     | Enslaved Snorg
 22972 | D:12     | Reached skill level 17 in Unarmed Combat
 23216 | D:12     | Noticed Harold
 23226 | D:12     | Killed Harold
 23299 | D:12     | Noticed Urug
 23314 | D:12     | Killed Urug
 23394 | D:12     | Received a gift from Yredelemnul
 23748 | D:13     | Received a gift from Yredelemnul
 23996 | D:13     | Reached XP level 15. HP: 88/129 MP: 23/23
 24024 | D:13     | Found a gate to the Vaults.
 24250 | D:14     | Received a gift from Yredelemnul
 24358 | D:14     | Noticed Agnes
 24365 | D:14     | Killed Agnes
 24365 | D:14     | Enslaved Agnes
 24390 | D:14     | Found Oplane's Assorted Antiques.
 24393 | D:14     | Bought a glowing cloak for 130 gold pieces
 24393 | D:14     | Bought a scroll of identify for 58 gold pieces
 24393 | D:14     | Bought a scroll of identify for 58 gold pieces
 24479 | D:14     | Reached skill level 18 in Unarmed Combat
 24826 | D:14     | Received a gift from Yredelemnul
 25158 | D:15     | Entered Level 15 of the Dungeon
 25266 | D:15     | Received a gift from Yredelemnul
 25272 | D:15     | Found a staircase to the Depths.
 25788 | D:15     | Slain by an enormous slime creature

Skill      XL: |  1  2  3  4  5  6  7  8  9 10 11 12 13 14 15 |
---------------+----------------------------------------------+-----
Unarmed Combat | 5 6 7 8 10 12 14 15 17 18 | 18.5
Fighting       | 4 5 8 9 11 | 11.6
Armour         | 3 5 7 11 | 11.3
Invocations    | 5 11 12 | 12.0
Dodging        | 4 6 |  6.1
Stealth        | |  2.1

Action                   |  1- 3 |  4- 6 |  7- 9 | 10-12 | 13-15 || total
-------------------------+-------+-------+-------+-------+-------++-------
Melee: Unarmed           |    89 |   178 |   342 |   664 |   885 ||  2158
       Punch             |       |     2 |    12 |    29 |    68 ||   111
Invok: Animate Remains   |       |       |     8 |       |       ||     8
       Animate Dead      |       |       |       |    22 |    28 ||    50
       Recall Undead Sla |       |       |       |     4 |     4 ||     8
       Injury Mirror     |       |       |       |     1 |     1 ||     2
       Drain Life        |       |       |       |       |     3 ||     3
       Enslave Soul      |       |       |       |       |     4 ||     4
Evoke: Wand              |       |       |       |     8 |     2 ||    10
  Use: Potion            |       |     2 |       |       |       ||     2
       Scroll            |       |     8 |       |    18 |    14 ||    40
 Stab: Sleeping          |     7 |     4 |     1 |       |       ||    12
       Distracted        |       |       |     2 |     8 |    15 ||    25
       Confused          |       |       |       |       |     3 ||     3
       Paralysed         |       |       |       |       |     1 ||     1
  Eat: Chunk             |     3 |     9 |    15 |    27 |    29 ||    83
       Beef jerky        |       |       |       |     2 |       ||     2
       Royal jelly       |       |       |       |       |     1 ||     1
Armor: Robe              |    11 |     8 |       |       |       ||    19
       Leather armour    |       |    34 |    18 |       |       ||    52
       Chain mail        |       |       |   140 |   333 |   552 ||  1025
Dodge: Dodged            |    54 |    99 |   144 |   243 |   376 ||   916
